[Event "Polofinale MCR junioru 2023"]
[Site "Czech Republic"]
[Date "2023.11.15"]
[Round "6.31"]
[White "Valdman, Jakub"]
[Black "Steinbauer, Sebastian"]
[Result "0-1"]
[TimeControl "90 min per 40 moves + 15 min + 30 sec / move from move 1"]
[WhiteFideId "23718196"]
[BlackFideId "399272"]
[WhiteElo "1594"]
[BlackElo "1869"]

1. e4 c5 2. Nf3 g6 3. d4 cxd4 4. Nxd4 Bg7 5. Nc3 Nc6 6. Be3 d6 7. Be2 Nf6 8. O-O O-O 9. h3 Re8 10.
Qd2 a6 11. Rad1 Qc7 12. f4 Bd7 13. Nxc6 Bxc6 14. Bf3 Rad8 15. Nd5 Nxd5 16. exd5 Bb5 17. Rfe1 Rc8 18. c3 Qa5 19. a3 Ba4 20.
Rc1 Bb3 21. Kh1 Qb5 22. Bf2 Qc4 23. Re4 Qc7 24. Rb4 Bc4 25. b3 Bb5 26. c4 e5 27. dxe6 fxe6 28. Rd1 Bc6 29. Bxc6 bxc6 30.
Rb6 d5 31. Rxa6 Bh6 32. Be3 dxc4 33. Ra7 Qd8 34. bxc4 Qxd2 35. Rxd2 Ra8 36. g3 e5 37. Rxa8 Rxa8 38. Rd3 exf4 39.
Bxf4 Bxf4 40. gxf4 Ra4 41. Rc3 Kf7 42. Kg2 Ke6 43. Kf3 Kd6 44. Ke4 Kc5 45. Ke5 Ra7 46. h4 Re7 47. Kf6 Re4 48.
Kg5 Re1 49. Kh6 Rh1 50. Kxh7 Rxh4+ 51. Kxg6 Rxf4 52. Kg5 Rxc4 53. Rd3 Re4 54. Kf5 Re8 55. Rc3+ Kd5 56. Kf4 c5 57. a4 Kd4 58.
Rc1 Rf8 59. Kg3 c4 60. a5 c3 61. a6 Rf7 62. a7 Rxa7 63. Kf2 Kd3 64. Rd1+ Kc2 65. Rd8 Re7 66. Rc8 Kd2 67. Rd8+ Kc1 68.
Rc8 c2 69. Rd8 Re4 70. Kf3 Rb4 0-1

[Event "Polofinale MCR junioru 2023"]
[Site "Czech Republic"]
[Date "2023.11.15"]
[Round "6.32"]
[White "Bednar, Milos"]
[Black "Svadlenka, Dominik"]
[Result "1-0"]
[TimeControl "90 min per 40 moves + 15 min + 30 sec / move from move 1"]
[WhiteFideId "23709812"]
[BlackFideId "23716258"]
[WhiteElo "1833"]
[BlackElo "1725"]

1. e4 c6 2. d4 d5 3. exd5 cxd5 4. c4 Nf6 5. Nc3 Nc6 6. Be3 e6 7. c5 Be7 8. Nf3 O-O 9. Bb5 Qc7 10.
O-O Nd7 11. a3 b6 12. b4 a6 13. Be2 Bf6 14. Qd2 bxc5 15. Bf4 Qa7 16. bxc5 Nxd4 17. Nxd4 e5 18. Nxd5 exf4 19. Nxf6+ Nxf6 20.
Bf3 Bb7 21. c6 Rad8 22. cxb7 Rxd4 23. Qb2 Ne4 24. Rab1 Rb8 25. Rfc1 Nd6 26. Qb6 Qxb6 27. Rxb6 a5 28. Ra6 Nxb7 29.
Bxb7 Ra4 30. Ra8 Rxa8 31. Bxa8 g5 32. Rc3 Kg7 33. Kf1 Kf6 34. Ke2 Rd4 35. Bc6 h5 36. Rc5 Rd6 37. Be4 Re6 38.
f3 a4 39. Rc6 g4 40. Rxe6+ 1-0

[Event "Polofinale MCR junioru 2023"]
[Site "Czech Republic"]
[Date "2023.11.15"]
[Round "6.33"]
[White "Vlcek, Vojtech"]
[Black "Vana, Jan"]
[Result "0-1"]
[TimeControl "90 min per 40 moves + 15 min + 30 sec / move from move 1"]
[WhiteFideId "23728647"]
[BlackFideId "23726016"]
[WhiteElo "1703"]
[BlackElo "1965"]

1. d4 Nf6 2. c4 e6 3. Nf3 d5 4. cxd5 exd5 5. Nc3 c6 6. Bg5 h6 7. Bh4 Be6 8. e3 Nbd7 9. Bd3 g5 10.
Bg3 Nh5 11. Be5 Nxe5 12. Nxe5 Nf6 13. Qc2 Nd7 14. f4 Qb6 15. Nxd7 Bxd7 16. fxg5 hxg5 17. O-O-O Qa5 18. h3 Bb4 19.
a3 Be7 20. Kb1 b5 21. Na2 Qb6 22. Bf5 Be6 23. Rhf1 a5 24. Rc1 Ra6 25. Bxe6 fxe6 26. Qg6+ Kd7 27. Rf7 Re8 28. Qxg5 b4 29.
a4 Raa8 30. Qg6 Rg8 31. Qh7 Qd8 32. Qc2 Rc8 33. Rcf1 Qb6 34. Nc1 Rg3 35. Qf2 Rcg8 36. Qf6 Qd8 37. Qe5 Qb8 38. Nd3 Qxe5 39.
Nxe5+ Kd6 40. Rc1 Rc8 41. Rc5 Rxg2 42. Rxa5 b3 43. Kc1 Rc2+ 44. Kd1 Rg8 45. Rf1 Rgg2 46. Nf7+ Kc7 47. Ra7+ Kb6 48.
Rxe7 Rxb2 49. a5+ Ka6 50. Kc1 Rgc2+ 51. Kd1 Rb1# 52. Ne5 0-1

[Event "Polofinale MCR junioru 2023"]
[Site "Czech Republic"]
[Date "2023.11.15"]
[Round "6.34"]
[White "Urbansky, Stepan"]
[Black "Jurok, Vojtech"]
[Result "1/2-1/2"]
[TimeControl "90 min per 40 moves + 15 min + 30 sec / move from move 1"]
[WhiteFideId "23761741"]
[BlackFideId "23741023"]
[WhiteElo "1675"]
[BlackElo "1801"]

1. e4 c5 2. Nf3 g6 3. d4 cxd4 4. Qxd4 Nf6 5. Nc3 Nc6 6. Qd2 Bg7 7. Bd3 O-O 8. b3 d5 9. exd5 Nxd5 10.
Bb2 Bg4 11. O-O-O Bxf3 12. gxf3 Ndb4 13. Qe2 Bxc3 14. Bxc3 Nxa2+ 15. Kb2 Nxc3 16. Kxc3 Qd4+ 17. Kd2 Nb4 18. Ke1 Nxd3+ 19. Qxd3 Qxd3 20.
Rxd3 Rfd8 21. Rxd8+ Rxd8 22. Ke2 Kg7 23. Ra1 a6 24. Ra4 Rd6 25. c4 b5 26. cxb5 axb5 27. Ra7 Kf6 28. f4 Rd4 29.
Rb7 Rb4 30. Rb6+ e6 31. Kd3 Rxb3+ 32. Kd4 Rb4+ 33. Ke3 Rb2 34. Rb7 b4 35. Rb5 h5 36. h4 b3 37. Kf3 Rb1 38. Kg3 Ke7 39.
Kf3 Kd6 40. Rb8 Kc5 41. Ke3 Kd5 42. Rd8+ Kc6 43. Rb8 Rh1 44. Rxb3 Rxh4 45. Ke4 Kd6 46. Rb7 e5 47. Rxf7 Rxf4+ 48. Rxf4 exf4 49. Kxf4 h4 50. Kg4 g5 51. f4 h3 52. Kxh3 gxf4 53. Kg4 Ke5 54. Kf3 Kf5 55. Kf2 Ke4 56.
Ke2 Ke5 57. Kf3 Kf5 58. Kf2 Ke5 1/2-1/2

[Event "Polofinale MCR junioru 2023"]
[Site "Czech Republic"]
[Date "2023.11.15"]
[Round "6.35"]
[White "Lieber, Lukas"]
[Black "Meca, Viktor"]
[Result "1/2-1/2"]
[TimeControl "90 min per 40 moves + 15 min + 30 sec / move from move 1"]
[WhiteFideId "23700688"]
[BlackFideId "23739800"]
[WhiteElo "1959"]
[BlackElo "1642"]

1. Nf3 d5 2. e3 Nf6 3. c4 c6 4. b3 g6 5. Bb2 Bg7 6. d4 O-O 7. h3 Ne4 8. Nbd2 Qa5 9. a3 f5 10.
b4 Qc7 11. Qc2 Nxd2 12. Qxd2 f4 13. Bd3 Bh6 14. O-O Nd7 15. Rac1 fxe3 16. fxe3 Nf6 17. Ne5 Be6 18. b5 Nd7 19.
Qe2 Nxe5 20. dxe5 Rxf1+ 21. Rxf1 Rf8 22. Rxf8+ Kxf8 23. Kh2 Bg7 24. cxd5 Bxe5+ 25. Kh1 cxd5 26. e4 d4 27. Qf2+ Kg8 28. Bxd4 Bxd4 29. Qxd4 Qc1+ 30.
Kh2 Qxa3 31. e5 Qb3 32. Be2 Qd5 33. Qa1 b6 34. Kh1 Qb7 35. Bf3 Qc7 36. Qd4 Qd7 37. Qh4 Qxb5 38. Qxe7 Qd7 39.
Qf6 Qf7 40. Qd8+ Kg7 41. Kg1 Bxh3 42.
gxh3 Qxf3 43. Qd7+ Kh6 44. e6 Qg3+ 45. Kf1 Qxh3+ 46. Ke2 Qf5 47. Qd2+ Kg7 48. Qd4+ Qf6 49. Qd7+ Kf8 50. Qc8+ Ke7 51.
Qd7+ Kf8 52. Qc8+ Ke7 1/2-1/2

[Event "Polofinale MCR junioru 2023"]
[Site "Czech Republic"]
[Date "2023.11.15"]
[Round "6.36"]
[White "Pistej, Tomas"]
[Black "Slaby, Matej"]
[Result "1/2-1/2"]
[TimeControl "90 min per 40 moves + 15 min + 30 sec / move from move 1"]
[WhiteFideId "23750740"]
[BlackFideId "23734876"]
[WhiteElo "1502"]
[BlackElo "1940"]

1. e4 d5 2. exd5 Qxd5 3. Nf3 Nf6 4. d4 Bg4 5. Be2 e6 6. O-O Be7 7. h3 Bh5 8. c4 Qd8 9. Nc3 c6 10.
Be3 O-O 11. Ne5 Bxe2 12. Qxe2 Nbd7 13. Rad1 Qc7 14. f4 Rfe8 15. g4 g6 16. Qf3 Bf8 17. Nxd7 Qxd7 18. Rd2 Rad8 19. Bf2 Be7 20.
Bh4 h6 21. Kh1 Nd5 22. Bxe7 Nxe7 23. Ne4 Kg7 24. g5 Ng8 25. Qg3 Qe7 26. h4 Rd7 27. c5 Red8 28. Nd6 Qf8 29. h5 gxh5 30.
gxh6+ Kh8 31. Qg5 Qxh6 32. Nxf7+ Rxf7 33. Qxd8 Rxf4 34. Rxf4 Qxf4 35. Rg2 Qf1+ 36. Kh2 Qf4+ 37. Kh3 Qf3+ 1/2-1/2

[Event "Polofinale MCR junioru 2023"]
[Site "Czech Republic"]
[Date "2023.11.15"]
[Round "6.37"]
[White "Rucabado, Stefan"]
[Black "Brychta, David"]
[Result "1/2-1/2"]
[TimeControl "90 min per 40 moves + 15 min + 30 sec / move from move 1"]
[WhiteFideId "23730315"]
[BlackFideId "23742798"]
[WhiteElo "1873"]
[BlackElo "1230"]

1. e4 c5 2. Nf3 Nc6 3. d4 cxd4 4. Nxd4 d6 5. c4 g6 6. Be2 Bg7 7. Be3 Nf6 8. Nc3 O-O 9. O-O Bd7 10.
f3 a6 11. Qd2 Re8 12. Rac1 Rc8 13. Rfd1 Nxd4 14. Bxd4 Be6 15. b3 Nd7 16. Bxg7 Kxg7 17. Qd4+ f6 18. b4 Qb6 19. a3 Bxc4 20.
Bxc4 Rxc4 21. Qxb6 Nxb6 22. Nd5 Rxc1 23. Rxc1 Nxd5 24. exd5 Kf7 25. Rc7 Rb8 26. a4 Ke8 27. b5 axb5 28.
axb5 b6 29. Kf2 f5 30. Ke3 Kf7 31. h4 h6 32. f4 Kf6 33. Kf3 h5 34. Ke3 Kf7 1/2-1/2

[Event "Polofinale MCR junioru 2023"]
[Site "Czech Republic"]
[Date "2023.11.15"]
[Round "6.38"]
[White "Striz, Tadeas"]
[Black "Hampl, David"]
[Result "0-1"]
[TimeControl "90 min per 40 moves + 15 min + 30 sec / move from move 1"]
[WhiteFideId "23723530"]
[BlackFideId "398802"]
[WhiteElo "1371"]
[BlackElo "1801"]

1. e4 c6 2. d4 d5 3. exd5 cxd5 4. Bd3 Nc6 5. c3 Nf6 6. h3 e6 7. Bf4 Bd6 8. Bxd6 Qxd6 9. Nf3 O-O 10.
Nbd2 Rb8 11. a4 Re8 12. O-O e5 13. dxe5 Nxe5 14. Nxe5 Qxe5 15. Re1 Qf4 16. Rxe8+ Nxe8 17. Qc2 Nf6 18.
Re1 Bd7 19. Nf3 Bxa4 20. b3 Bd7 21. Ne5 Re8 22. Nf3 Rxe1+ 23. Nxe1 g6 24. Qe2 Ne4 25. c4 Bc6 26. Nf3 dxc4 27.
Bxc4 Nd6 28. Ne5 Be4 29. Nd3 Qg5 30. Ne1 Bc6 31. Qc2 Nxc4 32. bxc4 a5 33. Qc3 a4 34. Kh2 Qf4+ 35. Kg1 Qe4 36.
f3 Qb1 37. Qe5 Qb6+ 38. Kf1 Qb4 39. Qb8+ Qf8 40. Qxf8+ Kxf8 41. Ke2 b5 42. cxb5 Bxb5+ 43. Ke3 Ke7 44. g3 Kd6 45. Kd4 Bd7 46.
h4 a3 47. Nc2 a2 48. g4 Ba4 49. Na1 Bd1 50. h5 gxh5 51. gxh5 Bxf3 0-1

[Event "Polofinale MCR junioru 2023"]
[Site "Czech Republic"]
[Date "2023.11.15"]
[Round "6.39"]
[White "Vasinek, Martin"]
[Black "Sklar, Petr"]
[Result "1/2-1/2"]
[TimeControl "90 min per 40 moves + 15 min + 30 sec / move from move 1"]
[WhiteFideId "392200"]
[BlackFideId "23731141"]
[WhiteElo "1987"]
[BlackElo "1160"]

1. d4 d6 2. Nf3 Nd7 3. c4 g6 4.
Nc3 Bg7 5. e4 e5 6. Be3 exd4 7. Nxd4 Ngf6 8. Be2 Ne5 9. h3 Be6 10. f4 Nc6 11. O-O Nxd4 12. Bxd4 c5 13. Be3 Qb6 14.
Qa4+ Bd7 15. Qc2 O-O 16. e5 Bf5 17. Bd3 Bxd3 18. Qxd3 dxe5 19. fxe5 Rad8 20. Qc2 Nd7 21. Nd5 Qe6 22. Bg5 f6 23. exf6 Bxf6 24. Rfe1 Qd6 25.
Bxf6 Nxf6 26. Rad1 Nxd5 27. Rxd5 Qf6 28. Rde5 Qd6 29. Qe4 Rf7 30. b3 b6 31. Qe2 Rdd7 32. Rd5 Qc7 33. Qd3 Rxd5 34.
Qxd5 Qd7 35. Qxd7 Rxd7 36. Kf2 Rd2+ 37. Re2 Rxe2+ 38. Kxe2 Kf7 39. Ke3 Ke6 40. Ke4 h6 41. h4 h5 42. g3 a6 43. a3 a5 44. a4 Kd6 1/2-1/2

[Event "Polofinale MCR junioru 2023"]
[Site "Czech Republic"]
[Date "2023.11.16"]
[Round "7.1"]
[White "Hak, David"]
[Black "Bohacek, Jan Andrej"]
[Result "0-1"]
[TimeControl "90 min per 40 moves + 15 min + 30 sec / move from move 1"]
[WhiteFideId "377007"]
[BlackFideId "23727357"]
[WhiteElo "2253"]
[BlackElo "2066"]

1. e4 c6 2. d4 d5 3. exd5 cxd5 4. Bd3 Nc6 5. c3 Nf6 6. Bf4 Bg4 7. Qb3 Qd7 8. Nd2 e6 9. Ngf3 Bd6 10.
Bg5 Qc7 11. O-O Bh5 12. Rfe1 O-O 13. Bxf6 gxf6 14. g3 Bxf3 15. Nxf3 f5 16. Qd1 Be7 17. Qd2 Kh8 18. Kh1 Rg8 19.
Rg1 Bd6 20. Qh6 Rg6 21. Qh5 Rag8 22. g4 Rxg4 23. Rxg4 Rxg4 24. Ng5 Rxg5 25. Qxg5 Ne7 26. Rg1 Ng6 27. h4 Be7 28. Qg3 Bd6 29.
Qg5 Be7 30. Qh6 Bf8 31. Qe3 Qd8 32. Qg3 Bd6 33. Qg5 Be7 34. Qh6 Bf8 35. Qg5 Be7 36. Qe3 Bd6 37. Kg2 Qxh4 38. Kf1 Bf4 39.
Qf3 Bd6 40. Ke1 Nf4 41. Kd2 Nh3 42. Rf1 Ng5 43. Qe2 Qf4+ 44. Kc2 Nh3 45. Qh5 Ng5 46. Kb1 Qg4 47. Qh6 Kg8 48. Ka1 Bf4 49.
Qf6 Qf3 50. Bb5 a6 51. Bd7 Qg2 52. Rb1 Qxf2 53. Bc8 h5 54. Bxb7 h4 55. c4 dxc4 56. d5 exd5 57. Bxd5 Be3 58.
Bxc4 Qf4 59. Qxa6 h3 60. Rf1 Qe4 61. Bd3 Qg2 62. Qc8+ Kg7 63. Qxf5 Bd4 64. Qb5 h2 65. Bb1 Bf6 0-1

[Event "Polofinale MCR junioru 2023"]
[Site "Czech Republic"]
[Date "2023.11.16"]
[Round "7.2"]
[White "Pavlis, Matej"]
[Black "Jun, Rudolf"]
[Result "1/2-1/2"]
[TimeControl "90 min per 40 moves + 15 min + 30 sec / move from move 1"]
[WhiteFideId "23735767"]
[BlackFideId "376612"]
[WhiteElo "1974"]
[BlackElo "2260"]

1. Nf3 Nf6 2. c4 c5 3. g3 g6 4. Nc3 Nc6 5. Bg2 Bg7 6. O-O O-O 7. d4 cxd4 8. Nxd4 a6 9. h3 Qc7 10.
Be3 Nxd4 11. Qxd4 d6 12. Rac1 Be6 13. b3 Rac8 14. Qd2 Rfe8 15. Rfd1 h5 16. Bd4 Qb8 1/2-1/2

[Event "Polofinale MCR junioru 2023"]
[Site "Czech Republic"]
[Date "2023.11.16"]
[Round "7.3"]
[White "Seidl, Jan"]
[Black "Skypala, Ondrej"]
[Result "1/2-1/2"]
[TimeControl "90 min per 40 moves + 15 min + 30 sec / move from move 1"]
[WhiteFideId "23714522"]
[BlackFideId "366285"]
[WhiteElo "2224"]
[BlackElo "2159"]

1. c4 Nf6 2. Nc3 c5 3. Nf3 Nc6 4. d4 cxd4 5. Nxd4 g6 6. e4 Bg7 7. Be3 O-O 8. Be2 Qb6 9. Nb3 Qd8 10.
O-O d6 11. Nd4 a6 12. Nc2 Be6 13. Qd2 Rc8 14. Rac1 Qa5 15. f3 Rfe8 16. Na3 Nd7 17. Rfd1 Nc5 18. Nd5 Qxd2 19. Rxd2 Bxd5 20.
exd5 Nb4 21. Nc2 Nxc2 22. Rcxc2 a5 23. Kf2 b6 24. b3 f5 25. Bf1 1/2-1/2

[Event "Polofinale MCR junioru 2023"]
[Site "Czech Republic"]
[Date "2023.11.16"]
[Round "7.4"]
[White "Soucek, Petr"]
[Black "Lihotsky, Lukas"]
[Result "1/2-1/2"]
[TimeControl "90 min per 40 moves + 15 min + 30 sec / move from move 1"]
[WhiteFideId "23715170"]
[BlackFideId "23727004"]
[WhiteElo "2227"]
[BlackElo "2100"]

1. e4 c6 2. d4 d5 3. Nc3 dxe4 4. Nxe4 Bf5 5. Ng3 Bg6 6. Nh3 Nf6 7. Nf4 Nbd7 8. Bc4 Qc7 9. O-O e6 10.
Re1 Bd6 11. Rxe6+ fxe6 12. Nxe6 Qb6 13. Qe2 Ke7 14. Nc7+ Kf8 15. Ne6+ Ke7 16. Nc7+ 1/2-1/2

[Event "Polofinale MCR junioru 2023"]
[Site "Czech Republic"]
[Date "2023.11.16"]
[Round "7.5"]
[White "Vojta, Jakub"]
[Black "Janous, Marek"]
[Result "1/2-1/2"]
[TimeControl "90 min per 40 moves + 15 min + 30 sec / move from move 1"]
[WhiteFideId "382515"]
[BlackFideId "23709650"]
[WhiteElo "2267"]
[BlackElo "2098"]

1. c3 d5 2. Nf3 Nf6 3. Qc2 c5 4. g3 Nc6 5. Bg2 Bg4 6. d3 e6 7. O-O Be7 8. a4 O-O 9. e4 c4 10.
exd5 cxd3 11. Qxd3 Bf5 12. Qb5 Qxd5 13. Nh4 Be4 14. Nd2 Bxg2 15. Nxg2 a6 1/2-1/2

[Event "Polofinale MCR junioru 2023"]
[Site "Czech Republic"]
[Date "2023.11.16"]
[Round "7.6"]
[White "Bokhnak, Timofey"]
[Black "Mach, Petr"]
[Result "1-0"]
[TimeControl "90 min per 40 moves + 15 min + 30 sec / move from move 1"]
[WhiteFideId "14172976"]
[BlackFideId "383546"]
[WhiteElo "2210"]
[BlackElo "2084"]

1. e4 Nc6 2. Nc3 Nf6 3. d4 d5 4. e5 Ne4 5. Nxe4 dxe4 6. c3 f6 7. Bc4 Na5 8. Be2 Qd5 9. Bf4 Bf5 10.
exf6 O-O-O 11. b4 Nc4 12. Qb3 Nb6 13. fxe7 Bxe7 14. Qxd5 Nxd5 15. Bd2 Rhf8 16. Bc4 Bh4 17. Bxd5 Rxd5 18.
Be3 Bd7 19. Ne2 Bb5 20. Rc1 Bc4 21. Rc2 a5 22. a3 axb4 23. axb4 Kd7 24. O-O Ra8 25. f3 Rf5 26. f4 Ra3 27.
Rfc1 h5 28. h3 Rf8 29. g4 Rb3 30. d5 Bf6 31. g5 Bxe2 32. gxf6 Bc4 33. fxg7 Rg8 34. Rg2 Bxd5 35. Rg5 c6 36.
Bd4 h4 37. f5 Rb2 38. Rf1 Ra8 39. c4 Rxb4 40. cxd5 Rxd4 41. dxc6+ 1-0

[Event "Polofinale MCR junioru 2023"]
[Site "Czech Republic"]
[Date "2023.11.16"]
[Round "7.7"]
[White "Kubiczek, Michal"]
[Black "Winter, Ondrej"]
[Result "1-0"]
[TimeControl "90 min per 40 moves + 15 min + 30 sec / move from move 1"]
[WhiteFideId "23706996"]
[BlackFideId "23702192"]
[WhiteElo "2068"]
[BlackElo "2163"]

1. d4 Nf6 2. c4 g6 3. g3 c6 4. Bg2 d5 5. Qa4 dxc4 6. Qxc4 Bg7 7. Nf3 O-O 8. O-O Nbd7 9. Nc3 Nb6 10.
Qd3 Be6 11. Rd1 a5 12. e4 a4 13. h3 Qc8 14. Kh2 Rd8 15. Qc2 Ra5 16. Ne5 Nfd7 17. Nf3 Nf6 18. Ne5 Nfd7 19. Nf3 h6 20.
Bd2 Rh5 21. Ne2 g5 22. h4 g4 23. Ne1 Nc4 24. Nf4 Rb5 25. Nxe6 Nxb2 26. Rdb1 fxe6 27. Rxb2 Bxd4 28. Rxb5 Bxa1 29.
Rh5 Nf6 30. Rxh6 e5 31. Ba5 Rf8 32. Qc1 Bd4 33. Nc2 Bxf2 34. Qg5+ Kf7 35. Qg6+ Ke6 36. Qf5+ Kf7 37. Qxf2 Qe6 38. Ne3 Kg8 39. Qf5 Qxf5 40. Nxf5 e6 41. Bb4 Rf7 42. Ne7+ Kg7 43. Rg6+ Kh7 44. Bc3 1-0

[Event "Polofinale MCR junioru 2023"]
[Site "Czech Republic"]
[Date "2023.11.16"]
[Round "7.8"]
[White "Vilimek, Vit"]
[Black "Lang, Simon"]
[Result "1-0"]
[TimeControl "90 min per 40 moves + 15 min + 30 sec / move from move 1"]
[WhiteFideId "23718218"]
[BlackFideId "23712449"]
[WhiteElo "2163"]
[BlackElo "2090"]

1. e4 e6 2. d4 d5 3. Nc3 Nf6 4. Bg5 dxe4 5. f3 c5 6. Bb5+ Bd7 7. Bxd7+ Nbxd7 8. Nxe4 Qc7 9. dxc5 Nxe4 10.
fxe4 Qe5 11. c6 Qxe4+ 12. Qe2 Qxe2+ 13. Nxe2 bxc6 14. Nd4 Bc5 15. O-O-O Rc8 16. Rhe1 h6 17. Bf4 Nb6 18. Nb3 Be7 19.
Re5 Nd5 20. Bg3 O-O 21. c4 Nb6 22. Nd2 Rfd8 23. b3 Bb4 24. Kc2 Nd7 25. Re2 Nf6 26. h3 Kf8 27. Be5 Ke7 28. Rf1 Ne8 29.
Nf3 f6 30. Bb2 c5 31. Nh4 Kf7 32. Nf3 Rd6 33. Ne5+ Kg8 34. Ng6 Rcd8 35. Rff2 Nc7 36. h4 Ra6 37. a4 Rad6 38. g4 Kh7 39.
Nf4 e5 40. Nh3 Rd3 41. Rh2 Ne6 42. Ref2 e4 43. Nf4 Nxf4 44. Rxf4 Rd2+ 45. Rxd2 Rxd2+ 46. Kb1 e3 47. Re4 e2 48.
Bc1 Rd4 49. Rxe2 Rxg4 50. Bd2 Bxd2 51. Rxd2 Rxh4 52. Rd5 g5 53. Rxc5 g4 54. Rc7+ Kg6 55. Rc8 Kf5 56. Rg8 Ke5 57. Rg6 h5 58. Kc2 Rh3 59. c5 Rf3 60.
Rh6 Rf5 61. b4 g3 62. c6 Kd6 63. Rg6 h4 64. b5 Rg5 65. Rxf6+ Kc7 66. Rf7+ Kb6 67. Rb7+ Ka5 68. Rxa7+ Kb4 69.
b6 Rc5+ 70. Kd3 Rxc6 71. a5 g2 72. b7 Rd6+ 73. Ke2 Rd8 74. Kf2 h3 75. Ra8 Rd2+ 76. Kf3 g1=Q 77. b8=Q+ Kc3 78. Qc7+ Kb2 79.
Rb8+ Ka2 80. Qc4+ Ka3 81. Qb3# 1-0

[Event "Polofinale MCR junioru 2023"]
[Site "Czech Republic"]
[Date "2023.11.16"]
[Round "7.9"]
[White "Prazak, Daniel"]
[Black "Tillman, Stanislav"]
[Result "1/2-1/2"]
[TimeControl "90 min per 40 moves + 15 min + 30 sec / move from move 1"]
[WhiteFideId "23709456"]
[BlackFideId "23714247"]
[WhiteElo "2103"]
[BlackElo "2021"]

1. d4 Nf6 2. Nf3 d5 3. Bf4 c5 4. e3 Nc6 5. Nbd2 Bf5 6. dxc5 Qa5 7. Nd4 Nxd4 8. exd4 Qb4 9. Be3 e5 10.
dxe5 Nd7 11. Qc1 Bxc5 12. c3 Qb6 13. Bxc5 Qxc5 14. Nf3 Be4 15. Be2 Bxf3 16. Bxf3 Nxe5 17. Qd1 O-O 18. O-O Rad8 19.
Re1 d4 20. cxd4 Rxd4 21. Qe2 Nxf3+ 22. Qxf3 1/2-1/2

[Event "Polofinale MCR junioru 2023"]
[Site "Czech Republic"]
[Date "2023.11.16"]
[Round "7.11"]
[White "Rousek, Jan"]
[Black "Hlavina, Matous"]
[Result "1/2-1/2"]
[TimeControl "90 min per 40 moves + 15 min + 30 sec / move from move 1"]
[WhiteFideId "386669"]
[BlackFideId "386650"]
[WhiteElo "2006"]
[BlackElo "2134"]

1. d4 d5 2. Nf3 Nc6 3. c4 Bg4 4. e3 Nf6 5. Nc3 g6 6. h3 Bxf3 7. Qxf3 dxc4 8. Bxc4 a6 9. Ne4 Bg7 10.
Nc5 O-O 11. Nxb7 Qd7 12. O-O e5 13. Nc5 Qd6 14. Nb7 Qd7 15. Nc5 Qd6 1/2-1/2

[Event "Polofinale MCR junioru 2023"]
[Site "Czech Republic"]
[Date "2023.11.16"]
[Round "7.12"]
[White "Hurtik, Matej"]
[Black "Cerny, Michal"]
[Result "1-0"]
[TimeControl "90 min per 40 moves + 15 min + 30 sec / move from move 1"]
[WhiteFideId "397997"]
[BlackFideId "391964"]
[WhiteElo "2131"]
[BlackElo "1920"]

1. e4 c5 2. Nf3 e6 3. d4 cxd4 4. c3 dxc3 5. Nxc3 d6 6. Bc4 Qc7 7. Qe2 a6 8. O-O Nc6 9. Rd1 Nf6 10.
Bf4 Ne5 11. Bb3 Bd7 12. Rac1 Qb8 13. Nd5 Nxf3+ 14. Qxf3 Nxd5 15. exd5 e5 16. Bxe5 dxe5 17. d6 f6 18. Rc7 1-0

[Event "Polofinale MCR junioru 2023"]
[Site "Czech Republic"]
[Date "2023.11.16"]
[Round "7.13"]
[White "Pecka, Jan"]
[Black "Jirasko, Miroslav"]
[Result "0-1"]
[TimeControl "90 min per 40 moves + 15 min + 30 sec / move from move 1"]
[WhiteFideId "23712520"]
[BlackFideId "23729414"]
[WhiteElo "1999"]
[BlackElo "2084"]

1. e4 c5 2. Nf3 Nc6 3. Bb5 g6 4. O-O Bg7 5. c3 Nf6 6. Re1 O-O 7. d4 d5 8. e5 Ne4 9. Bxc6 bxc6 10.
Nbd2 cxd4 11. cxd4 c5 12. dxc5 Nxc5 13. Nb3 Nxb3 14. Qxb3 d4 15. Rd1 Be6 16. Qa3 Qb6 17. Nxd4 Bxe5 18.
Be3 Rfd8 19. Nxe6 Qxe6 20. Rxd8+ Rxd8 21. Rc1 a6 22. b3 h5 23. Qa5 Rd5 24. Qa4 Kg7 25. g3 Bf6 26. Qc6 Qe4 27.
Qc4 Bd4 28. Bxd4+ Rxd4 29. Qxa6 h4 30. Qf1 Rd2 31. a4 Rd3 32. b4 Qd4 33. Qg2 Qxb4 34. Qc6 h3 35. Qc8 e6 36. Qc6 Qd4 37.
Rf1 Rc3 38. Qa8 Qc4 39. Qd8 Qe4 40. f3 Qe3+ 41. Kh1 Qf2 42. Rxf2 Rc1+ 43. Rf1 Rxf1# 0-1

[Event "Polofinale MCR junioru 2023"]
[Site "Czech Republic"]
[Date "2023.11.16"]
[Round "7.14"]
[White "Trojan, Matyas"]
[Black "Bezdek, Tomas"]
[Result "0-1"]
[TimeControl "90 min per 40 moves + 15 min + 30 sec / move from move 1"]
[WhiteFideId "23710764"]
[BlackFideId "23733551"]
[WhiteElo "1957"]
[BlackElo "2078"]

1. e4 e6 2. d4 d5 3. e5 c5 4. c3 Nc6 5. Nf3 Qb6 6. a3 c4 7. Be2 Bd7 8. Nbd2 Na5 9. O-O Ne7 10.
Qc2 Qc7 11. Re1 Nc8 12. Nf1 Nb6 13. Bd1 Ba4 14. Qe2 Bxd1 15. Qxd1 O-O-O 16. Ng3 Be7 17. Be3 Rdg8 18. h4 f5 19.
exf6 gxf6 20. Nh5 Bd6 21. g3 Qf7 22. Bf4 Qxh5 23. Bxd6 Qf5 24. Kh2 Nb3 25. Rb1 Rg4 26. Bf4 Rhg8 27.
Qe2 Kd7 28. Kh1 Rxf4 29. gxf4 Qh3+ 30. Nh2 Qg2# 0-1

[Event "Polofinale MCR junioru 2023"]
[Site "Czech Republic"]
[Date "2023.11.16"]
[Round "7.15"]
[White "Svacina, Tobias"]
[Black "Hozda, Max"]
[Result "1-0"]
[TimeControl "90 min per 40 moves + 15 min + 30 sec / move from move 1"]
[WhiteFideId "385859"]
[BlackFideId "23725958"]
[WhiteElo "1941"]
[BlackElo "2045"]

1. e4 d5 2. exd5 Qxd5 3. Nc3 Qd8 4. g3 Nf6 5. Bg2 c6 6. d4 g6 7. Nf3 Bg7 8. h3 O-O 9. O-O Bf5 10.
Qe2 Na6 11. a3 Nc7 12. Re1 Re8 13. b3 Nd7 14. Bb2 e5 15. Qd2 exd4 16. Rxe8+ Nxe8 17. Nxd4 Nb6 18. Rd1 Bxd4 19. Qxd4 Qxd4 20.
Rxd4 Bxc2 21. b4 Nc7 22. g4 f5 23. Rd2 Bb3 24. gxf5 gxf5 25. Rd3 Kf7 26. Ne4 Bc4 27. Ng5+ Kg6 28. Rg3 f4 29. Rg4 h5 30. Be4+ Kh6 31. Nf7+ Bxf7 32. Bg7# 1-0

[Event "Polofinale MCR junioru 2023"]
[Site "Czech Republic"]
[Date "2023.11.16"]
[Round "7.16"]
[White "Stejskal, Michal"]
[Black "Fizer, Marek"]
[Result "0-1"]
[TimeControl "90 min per 40 moves + 15 min + 30 sec / move from move 1"]
[WhiteFideId "398195"]
[BlackFideId "391980"]
[WhiteElo "1872"]
[BlackElo "2162"]

1. d4 d5 2. Nf3 e6 3. g3 c6 4. Bg2 Nf6 5. O-O Nbd7 6. Nbd2 Bd6 7. Re1 O-O 8. e4 dxe4 9. Nxe4 Nxe4 10.
Rxe4 Qc7 11. Qd3 Re8 12. Rh4 Nf8 13. Re4 b6 14. Ne5 Bb7 15. Re1 c5 16. Bxb7 Qxb7 17. dxc5 Bxc5 18. Be3 Red8 19.
Qb3 Rac8 20. Nd3 Bxe3 21. Rxe3 Ng6 22. Rae1 Ne7 23. Nf4 Nf5 24. Rd3 Nd4 25. Rxd4 Rxd4 26. Nxe6 Re4 27. Rxe4 Qxe4 28.
Ng5 Qf5 29. Qe3 Qxc2 30. Ne4 Qxb2 31. Kg2 Qxa2 32. Qg5 Qe6 0-1

[Event "Polofinale MCR junioru 2023"]
[Site "Czech Republic"]
[Date "2023.11.16"]
[Round "7.17"]
[White "Pelc, Adam"]
[Black "Stocek, Martin"]
[Result "1/2-1/2"]
[TimeControl "90 min per 40 moves + 15 min + 30 sec / move from move 1"]
[WhiteFideId "23723033"]
[BlackFideId "380121"]
[WhiteElo "1856"]
[BlackElo "2125"]

1. e4 c6 2. d4 d5 3. Nc3 dxe4 4. Nxe4 Bf5 5. Ng3 Bg6 6. Nf3 Nd7 7. h4 h6 8. Bd3 Bxd3 9. Qxd3 e6 10.
Bf4 Ngf6 11. c4 Qa5+ 12. Bd2 Qc7 13. Ne2 O-O-O 14. O-O-O c5 15. Nc3 cxd4 16. Nb5 Qb6 17. Qxd4 Bc5 18.
Qf4 a6 19. Ba5 Qxa5 20. b4 e5 21. Nxe5 Qxa2 1/2-1/2